 Dungeon Crawl Stone Soup version 0.22-a0-283-g1871b15 (webtiles) character file.

51 grindst0ne the Sneak (level 3, -9/23 HPs)
             Began as an Octopode Earth Elementalist on Mar 19, 2018.
             Mangled by galech's ghost (17 damage)
             ... on level 3 of the Dungeon.
             The game lasted 00:03:47 (1225 turns).

grindst0ne the Sneak (Octopode Earth Elementalist)  Turns: 1225, Time: 00:03:48

Health: -9/23      AC:  1    Str:  7    XL:     3   Next: 81%
Magic:  6/6        EV: 13    Int: 18    God:
Gold:   93         SH:  0    Dex: 12    Spells: 5/6 levels left

rFire    . . .     SeeInvis .   f - +0 dagger
rCold    . . .     Gourm    .   (no shield)
rNeg     . . .     Faith    .   (helmet restricted)
rPois    .         Spirit   .   (no amulet)
rElec    .         Reflect  .   (no ring)
rCorr    .         Harm     .   (no ring)
MR       .....                  (no ring)
Stlth    +++.......             (no ring)
HPRegen  0.07/turn              (no ring)
MPRegen  0.10/turn              (no ring)
                                (no ring)
                                (no ring)

@: no status effects
A: almost no armour, stealthy swim, amphibious, 8 rings, constrict 8, camouflage
1, gelatinous body 1
a: no special abilities


You were on level 3 of the Dungeon.
You were not hungry.

You visited 1 branch of the dungeon, and saw 3 of its levels.

You collected 93 gold pieces.

Inventory:

Hand Weapons
 f - a +0 dagger (weapon)
Missiles
 b - 83 stones (quivered)
 j - 3 needles of sleeping
Armour
 l - a +1 buckler of reflection
Wands
 r - a wand of random effects (31)
Scrolls
 a - a scroll of teleportation {unknown}
 e - 2 scrolls of enchant weapon {unknown}
 g - 5 scrolls of identify {unknown}
 i - a scroll of remove curse {unknown}
 k - a scroll of blinking {unknown}
 m - a scroll of amnesia {unknown}
Potions
 d - 2 potions of curing {unknown}
 h - a potion of invisibility {unknown}
 n - a potion of might {unknown}
 o - a potion of flight {unknown}
 p - a potion of agility {unknown}
Comestibles
 c - 7 rations
 q - a chunk of flesh


   Skills:
 + Level 1.5 Fighting
 - Level 2.0 Dodging
 + Level 3.8 Stealth
 + Level 0.7 Shields
 - Level 2.0 Spellcasting
   Level 1.0 Transmutations
 + Level 3.5 Earth Magic


You had 5 spell levels left.
You knew the following spells:

 Your Spells              Type           Power        Failure   Level  Hunger
a - Sandblast             Erth           ##....       4%          1    #......


Dungeon Overview and Level Annotations

Branches:
Dungeon (3/15)

Altars:
Dithmenos
Okawaru

Annotations:
D:3 galech's ghost, amateur TrMo


Innate Abilities, Weirdness & Mutations

You cannot wear most types of armour.
You are very stealthy in the water. (Stealth+)
You are amphibious.
You can wear up to eight rings at the same time.
You can use your tentacles to constrict eight enemies at once.
Your skin changes colour to match your surroundings (Stealth+).
Your rubbery body absorbs attacks. (AC +1, EV +1)


Message History

The mass of ice explodes!
The iceblast engulfs galech's ghost.
Galech's ghost is lightly damaged.
Evoke which item? (* to show all) (? for menu, Esc to quit)
Aiming: Random Effects
Press: ? - help, Shift-Dir - straight line, f/p - galech's ghost
Aim: galech's ghost (lightly damaged) Galech's ghost is unaffected.
Galech's ghost barely misses you.
Evoke which item? (* to show all) (? for menu, Esc to quit)
Aiming: Random Effects
Press: ? - help, Shift-Dir - straight line, f/p - galech's ghost
Aim: galech's ghost (lightly damaged)
The puff of flame hits galech's ghost.
Galech's ghost is lightly damaged.
Galech's ghost hits you!
Ouch! That really hurt!
You see here a leopard gecko skeleton.
There is a stone staircase leading up here.
Galech's ghost hits you!
Ouch! That really hurt!
You die...

#.#............###.#
#.....#####....#...#
#..............#.###
#..................#
#...#.############.#
#................#.#
###.#.##########.#.#
#...##########.#.#
##..##........@#.#
#..##.#######W#.# #..##.#
#.#.# ###..##.# #.#.#
+...>...# #.#.##
#.......# #.#..#
#.......#######รท#..##
#.......#...........#
#######.#.#####.#..##.###


You could see galech's ghost.

Vanquished Creatures
  An adder (D:2)
  3 dart slugs (D:2)
  2 leopard geckos
  3 bats
  8 goblins
  3 hobgoblins (D:1)
  3 jackals (D:2)
  2 frilled lizards
  5 kobolds (D:1)
  4 rats
34 creatures vanquished.

Notes
Turn   | Place    | Note
-------+----------+-------------------------------------------
     0 | D:1      | grindst0ne the Octopode Earth Elementalist began the quest for the Orb.
     0 | D:1      | Reached XP level 1. HP: 11/11 MP: 3/3
    93 | D:1      | Reached XP level 2. HP: 18/18 MP: 1/5
   159 | D:1      | Reached skill level 1 in Fighting
   583 | D:2      | Reached XP level 3. HP: 23/23 MP: 6/6
   973 | D:2      | Found a shadowy altar of Dithmenos.
   973 | D:2      | Found an iron altar of Okawaru.
  1190 | D:3      | Noticed galech's ghost (amateur TrMo)
  1225 | D:3      | Mangled by galech's ghost

Vault maps used:
D:1:      elethiomel_arrival_shortcut, minmay_pentomino_t2
D:2:      gammafunk_temple_overflow_elements
D:3:      uniq_sigmund, uniq_ijyb

Skill      XL: |  1  2 |
---------------+-------+-----
Stealth        | 3 |  3.8
Fighting       | 1 |  1.5
Dodging        | |  2.0
Shields        | |  0.7
Spellcasting   | |  2.0
Transmutations | |  1.0
Earth Magic    | |  3.5

Action                   || total
-------------------------++-------
Melee: Unarmed           ||     8
       Constrict         ||     5
       Dagger            ||     6
       Tentacles         ||     3
 Cast: Sandblast         ||    36
Evoke: Wand              ||     4
 Stab: Sleeping          ||     1
  Eat: Chunk             ||     1
Armor: Skin              ||     3
Dodge: Dodged            ||    12

Table legend:
 A = Spawn XP
 B = Non-spawn XP
 C = Spawn XP percentage of total XP
 D = Spawn monster count
 E = Non-spawn monster count
 F = Spawn count percentage of total count
 G = Total turns spent on level
                    A         B        C        D         E        F      G
               +---------+---------+-------+---------+---------+-------+---------
         Total |       0 |      73 |   0.0 |       0 |      34 |   0.0 |  1225
               +---------+---------+-------+---------+---------+-------+---------
           D:1 |       0 |      29 |   0.0 |       0 |      18 |   0.0 |   550
           D:2 |       0 |      38 |   0.0 |       0 |      12 |   0.0 |   523
           D:3 |       0 |       6 |   0.0 |       0 |       4 |   0.0 |   152
               +---------+---------+-------+---------+---------+-------+---------
